 Dungeon Crawl Stone Soup version 0.21.1-1-g345015f (webtiles) character file.

53 letownia2 the Charmwright (level 3, -1/27 HPs)
             Began as a Merfolk Skald on Mar 14, 2018.
             Slain by a killer bee (4 damage)
             ... on level 4 of the Dungeon.
             The game lasted 00:02:51 (520 turns).

letownia2 the Charmwright (Merfolk Skald)            Turns: 520, Time: 00:02:51

Health: -1/27      AC:  3    Str: 11    XL:     3   Next: 89%
Magic:  4/6        EV: 12    Int: 13    God:
Gold:   78         SH:  0    Dex: 13    Spells: 0/6 levels left

rFire    . . .     SeeInvis .   a - +0 spear
rCold    . . .     Gourm    .   (no shield)
rNeg     . . .     Faith    .   b - +0 leather armour
rPois    .         Spirit   .   (no helmet)
rElec    .         Reflect  .   (no cloak)
rCorr    .         Harm     .   (no gloves)
MR       .....                  (no boots)
Stlth    +.........             (no amulet)
HPRegen  0.09/turn              (no ring)
MPRegen  0.10/turn              (no ring)

@: lethally poisoned (-1 -> -9)
A: change form in water, swift swim, stealthy swim
a: no special abilities


You were on level 4 of the Dungeon.
You were not hungry.

You visited 1 branch of the dungeon, and saw 4 of its levels.

You collected 78 gold pieces.

Inventory:

Hand Weapons
 a - a +0 spear (weapon)
 g - a +0 hunting sling of flaming
Missiles
 m - 5 tomahawks (quivered)
Armour
 b - a +0 leather armour (worn)
Scrolls
 e - a scroll of teleportation {unknown}
 f - 2 scrolls of identify {unknown}
 j - a scroll of noise {unknown}
 k - 2 scrolls of enchant armour {unknown}
Potions
 h - a potion of cancellation {unknown}
 i - a potion of degeneration {unknown}
 n - a potion of brilliance {unknown}
 o - a potion of curing {unknown}
Books
 c - a book of Battle

   Spells                             Type                      Level
   a - Infusion                       Charms                       1
   b - Shroud of Golubria             Charms/Translocation         2
   c - Song of Slaying                Charms                       2
   d - Spectral Weapon                Hexes/Charms                 3
   e - Regeneration                   Charms/Necromancy            3
Comestibles
 d - 5 rations


   Skills:
 - Level 2.1 Fighting
 - Level 3.0 Polearms
 - Level 0.6 Armour
 - Level 2.6 Dodging
 - Level 2.0 Spellcasting
 * Level 0.2 Hexes
 + Level 4.1 Charms
 - Level 2.0 Translocations


You couldn't memorise any spells.
You knew the following spells:

 Your Spells              Type           Power        Failure   Level  Hunger
a - Infusion              Chrm           ##..         6%          1    ##.....
t - Shroud of Golubria    Chrm/Tloc      #.........   14%         2    ###....
x - Spectral Weapon       Hex/Chrm       #.......     38%         3    ####...


Dungeon Overview and Level Annotations

Branches:
Dungeon (4/15)
 Temple: D:4-7

Altars:

Annotations:
D:4 letownia2's ghost, weakling MfSk


Message History

All of the chunks of flesh in your inventory have rotted away.
Found a fuming blue potion.
As you open the door, it creaks loudly!
You hear an angry buzzing noise.
Found 11 bolts.
Found a quarterstaff.
A killer bee comes into view.
There is an open door here.
You see here a scroll labeled ZOBAZI FOASUO.
k - 2 scrolls labeled ZOBAZI FOASUO (gained 1)
There is an open door here.
The killer bee stings you.
* * * LOW HITPOINT WARNING * * *
You are lethally poisoned!
The killer bee poisons you!
There is a stone staircase leading up here.
* * * LOW HITPOINT WARNING * * *
You feel sick. The killer bee stings you.
* * * LOW HITPOINT WARNING * * *
The killer bee stings you.
You die...

# #.#..........
#.#.#<......?..
#.#.#..........
...............
..#.###########
#.# ... ..# #.#
#########.#######
.............@#
######.#####y####
#.##..W....# #
#..#.......#
.)..#..#..§≈≈..#
#.......'..§≈≈..+
#.......#..≈≈§..#
#.......#.......#
#.....###....(..#


You could see a phantom and a killer bee.

Vanquished Creatures
  A hound skeleton (D:4)
  An adder (D:3)
  3 leopard geckos
  4 orcs (D:3)
  A giant cockroach (D:2)
  3 goblins
  3 hobgoblins
  2 jackals (D:3)
  2 bats
  4 rats
24 creatures vanquished.

Notes
Turn   | Place    | Note
-------+----------+-------------------------------------------
     0 | D:1      | letownia2 the Merfolk Skald began the quest for the Orb.
     0 | D:1      | Reached XP level 1. HP: 16/16 MP: 3/3
   126 | D:1      | Reached XP level 2. HP: 22/22 MP: 0/5
   151 | D:1      | Reached skill level 4 in Charms
   171 | D:1      | Learned a level 2 spell: Shroud of Golubria
   310 | D:3      | Reached skill level 1 in Translocations
   325 | D:3      | Reached XP level 3. HP: 17/27 MP: 0/6
   330 | D:3      | Learned a level 3 spell: Spectral Weapon
   344 | D:4      | Noticed letownia2's ghost (weakling MfSk)
   501 | D:4      | Noticed a phantom
   514 | D:4      | Noticed a killer bee
   520 | D:4      | Slain by a killer bee

Skill      XL: |  1  2  3 |
---------------+----------+-----
Charms         | 4 |  4.1
Translocations | 1 2 |  2.0
Fighting       | |  2.1
Polearms       | |  3.0
Armour         | |  0.6
Dodging        | |  2.6
Spellcasting   | |  2.0
Hexes          | |  0.2

Action                   || total
-------------------------++-------
Melee: Spear             ||    82
 Cast: Infusion          ||     9
Armor: Leather armour    ||    23
Dodge: Dodged            ||    52
